TOP OF THE 1ST |
Wisconsin Timber Rattlers batting - Pitching for Hagerstown Suns : RHP Alex Vasquez
|
Pitching: RHP Alex Vasquez
|
|
Batting: RHB Joe LaDue
|
0-0: Ball 1-0: Ball 2-0: Swinging Strike 2-1: Foul Ball, location: 2F 2-2: Foul Ball, location: 2F 2-2: Ball 3-2: Foul Ball, location: 2F 3-2: Foul Ball, location: 2F 3-2: Fly out, F6 (Flyball, 6MD, EV 83.8 MPH)
|
Batting: RHB Nick Garland
|
0-0: Called Strike 0-1: Called Strike 0-2: Foul Ball, location: 2F 0-2: Ball 1-2: Strikes out swinging, 2-3 out at first.
|
Batting: LHB Alfredo de la Cruz
|
0-0: Foul Ball, location: 2F 0-1: Foul Ball, location: 2F 0-2: DOUBLE (Flyball, 8LXD, EV 98.8 MPH)
|
Batting: LHB Paul Collins
|
0-0: Called Strike 0-1: Ball 1-1: Ball 2-1: Ball 3-1: Called Strike 3-2: Foul Ball, location: 2F 3-2: SINGLE (Line Drive, 9S, EV 90.0 MPH) Alfredo de la Cruz to third Runner from 3rd tries for Home, SAFE, throw by RF to home Paul Collins to second
|
Batting: RHB Eddie McCoy
|
0-0: Foul Ball, location: 2F 0-1: Ground out 1-3 (Groundball, 13S, EV 73.8 MPH)
|
Top of the 1st over - 1 run, 2 hits, 0 errors, 1 left on base; Wisconsin 1 - Hagerstown 0 |
BOTTOM OF THE 1ST |
Hagerstown Suns batting - Pitching for Wisconsin Timber Rattlers : RHP Antonio Ballesteros
|
Pitching: RHP Antonio Ballesteros
|
|
Batting: SHB Dan Castaneda
|
0-0: Ball 1-0: Ball 2-0: Swinging Strike 2-1: Swinging Strike 2-2: Foul Ball, location: 2F 2-2: Foul Ball, location: 2F 2-2: Ball 3-2: Base on Balls
|
Batting: RHB Pat Drader
|
0-0: Grounds into double play, 4-6-3 (Groundball, 4S, EV 85.6 MPH)
|
Batting: LHB John Luke
|
0-0: Foul Ball, location: 2F 0-1: Foul Ball, location: 2F 0-2: Ball 1-2: Ground out 4-3 (Groundball, 4, EV 76.9 MPH)
|
Bottom of the 1st over - 0 runs, 0 hits, 0 errors, 0 left on base; Wisconsin 1 - Hagerstown 0 |
TOP OF THE 2ND |
Wisconsin Timber Rattlers batting - Pitching for Hagerstown Suns : RHP Alex Vasquez
|
Batting: RHB Rafael Medina
|
0-0: Ball 1-0: Ball 2-0: Ball 3-0: Base on Balls
|
Pitching: RHP Jonathan Arce
|
|
Batting: RHB Derek Halliwill
|
0-0: Ball 1-0: Foul Ball, location: 2F 1-1: Fielders Choice at 2nd, 6-4 (Groundball, 6, EV 90.0 MPH)
|
Batting: RHB Jamie Youngs
|
0-0: Called Strike 0-1: Swinging Strike 0-2: Ball 1-2: Fly out, F9 (Flyball, 9D, EV 100.0 MPH)
|
Batting: RHB Tyler Badillo
|
0-0: Ball 1-0: Foul Ball, location: 2F 1-1: Ball 2-1: Foul Ball, location: 2F 2-2: Fly out, F3 (Popup, 3F, EV 63.8 MPH)
|
Top of the 2nd over - 0 runs, 0 hits, 0 errors, 1 left on base; Wisconsin 1 - Hagerstown 0 |
BOTTOM OF THE 2ND |
Hagerstown Suns batting - Pitching for Wisconsin Timber Rattlers : RHP Antonio Ballesteros
|
Batting: RHB Jim Towle
|
0-0: Ball 1-0: Swinging Strike 1-1: Ball 2-1: Foul Ball, location: 2F 2-2: Ball 3-2: Base on Balls
|
Batting: LHB Yoshiya Kurokawa
|
0-0: Ball 1-0: Foul Ball, location: 2F 1-1: Swinging Strike 1-2: Foul Ball, location: 2F 1-2: Strikes out swinging
|
Batting: RHB Jon Buscher
|
0-0: Ball 1-0: Ball 2-0: SINGLE (Groundball, 56D, EV 108.1 MPH) Jim Towle to second
|
Batting: SHB Kyle Larson
|
0-0: Foul Ball, location: 2F 0-1: Ball 1-1: Ball 2-1: Ball 3-1: Base on Balls Jim Towle to third Jon Buscher to second
|
Batting: RHB Felix Torres
|
0-0: Swinging Strike 0-1: Foul Ball, location: 2F 0-2: Ball 1-2: Foul Ball, location: 2F 1-2: SINGLE (Flyball, 89S, EV 85.6 MPH) Jim Towle scores Jon Buscher to third Kyle Larson to second
|
Batting: RHB Scott Skoglund
|
0-0: Called Strike 0-1: Ball 1-1: Foul Ball, location: 2F 1-2: Ball 2-2: Ground out 6-3 (Groundball, 6M, EV 99.4 MPH) Jon Buscher scores Kyle Larson to third Felix Torres to second
|
Batting: SHB Dan Castaneda
|
0-0: Ball 1-0: Ground out 6-3 (Groundball, 4M, EV 89.4 MPH)
|
Bottom of the 2nd over - 2 runs, 2 hits, 0 errors, 2 left on base; Wisconsin 1 - Hagerstown 2 |
TOP OF THE 3RD |
Wisconsin Timber Rattlers batting - Pitching for Hagerstown Suns : RHP Jonathan Arce
|
Batting: RHB Joe LaDue
|
0-0: Ball 1-0: Swinging Strike 1-1: Foul Ball, location: 2F 1-2: Strikes out looking
|
Batting: RHB Nick Garland
|
0-0: Ball 1-0: Ball 2-0: Foul Ball, location: 2F 2-1: SINGLE (Groundball, 6MS, EV 66.2 MPH) (infield hit)
|
Batting: LHB Alfredo de la Cruz
|
0-0: Called Strike 0-1: Foul Ball, location: 2F 0-2: Fielders Choice at 2nd, 3-6 (Groundball, 3S, EV 81.9 MPH)
|
Batting: LHB Paul Collins
|
0-0: Called Strike 0-1: Called Strike Alfredo de la Cruz steals 2nd base 0-2: Ground out 4-3 (Groundball, 4, EV 85.6 MPH)
|
Top of the 3rd over - 0 runs, 1 hit, 0 errors, 1 left on base; Wisconsin 1 - Hagerstown 2 |
BOTTOM OF THE 3RD |
Hagerstown Suns batting - Pitching for Wisconsin Timber Rattlers : RHP Antonio Ballesteros
|
Batting: RHB Pat Drader
|
0-0: Called Strike 0-1: Swinging Strike 0-2: Fly out, F8 (Flyball, 8RD, EV 93.8 MPH)
|
Batting: LHB John Luke
|
0-0: Called Strike 0-1: Ball 1-1: Ground out 5-3 (Groundball, 56, EV 108.1 MPH)
|
Batting: RHB Jim Towle
|
0-0: Ball 1-0: Foul Ball, location: 2F 1-1: Ball 2-1: Foul Ball, location: 2F 2-2: Fly out, F8 (Flyball, 8LD, EV 98.8 MPH)
|
Bottom of the 3rd over - 0 runs, 0 hits, 0 errors, 0 left on base; Wisconsin 1 - Hagerstown 2 |
TOP OF THE 4TH |
Wisconsin Timber Rattlers batting - Pitching for Hagerstown Suns : RHP Jonathan Arce
|
Batting: RHB Eddie McCoy
|
0-0: Called Strike 0-1: Ground out 5-3 (Groundball, 56, EV 88.8 MPH)
|
Batting: RHB Rafael Medina
|
0-0: SINGLE (Line Drive, 7S, EV 98.1 MPH)
|
Batting: RHB Derek Halliwill
|
0-0: Called Strike 0-1: Foul Ball, location: 2F 0-2: Foul Ball, location: 2F 0-2: Foul Ball, location: 2F 0-2: Foul Ball, location: 2F 0-2: DOUBLE (Groundball, 5L, EV 100.0 MPH) Rafael Medina to third
|
Pitching: RHP Roy Walker
|
|
Batting: RHB Jamie Youngs
|
0-0: Ball 1-0: Ball 2-0: Ball 3-0: Base on Balls
|
Batting: RHB Tyler Badillo
|
0-0: Ball 1-0: Swinging Strike 1-1: Swinging Strike 1-2: Strikes out swinging
|
Batting: RHB Joe LaDue
|
0-0: Called Strike 0-1: Swinging Strike 0-2: Strikes out swinging
|
Top of the 4th over - 0 runs, 2 hits, 0 errors, 3 left on base; Wisconsin 1 - Hagerstown 2 |
BOTTOM OF THE 4TH |
Hagerstown Suns batting - Pitching for Wisconsin Timber Rattlers : RHP Antonio Ballesteros
|
Batting: LHB Yoshiya Kurokawa
|
0-0: Ball 1-0: Swinging Strike 1-1: Foul Ball, location: 2F 1-2: Ball 2-2: Ball 3-2: Foul Ball, location: 2F 3-2: Foul Ball, location: 2F 3-2: Foul Ball, location: 2F 3-2: Base on Balls
|
Batting: RHB Jon Buscher
|
0-0: Called Strike 0-1: Ball 1-1: Ball 2-1: Ball 3-1: Base on Balls Yoshiya Kurokawa to second
|
Batting: SHB Kyle Larson
|
0-0: Called Strike 0-1: Fielders Choice at 2nd, 4-6 (Groundball, 4, EV 83.8 MPH) Yoshiya Kurokawa to third
|
Batting: RHB Felix Torres
|
0-0: Ball 1-0: Called Strike 1-1: Ball 2-1: Ball 3-1: Fielders Choice at 2nd, 4-6 (Groundball, 4M, EV 101.2 MPH) Yoshiya Kurokawa scores
|
Batting: RHB Scott Skoglund
|
0-0: Ball Balk! Felix Torres to second 1-0: Foul Ball, location: 2F 1-1: Ball 2-1: Ground out 5-3 (Groundball, 56S, EV 83.8 MPH)
|
Bottom of the 4th over - 1 run, 0 hits, 0 errors, 1 left on base; Wisconsin 1 - Hagerstown 3 |
TOP OF THE 5TH |
Wisconsin Timber Rattlers batting - Pitching for Hagerstown Suns : RHP Roy Walker
|
Batting: RHB Nick Garland
|
0-0: Ball 1-0: Ball 2-0: Fly out, F3 (Popup, 34, EV 63.1 MPH)
|
Batting: LHB Alfredo de la Cruz
|
0-0: Ball 1-0: Called Strike 1-1: Foul Ball, location: 2F 1-2: Ball 2-2: Ball 3-2: Foul Ball, location: 2F 3-2: Foul Ball, location: 2F 3-2: Strikes out swinging
|
Batting: LHB Paul Collins
|
0-0: Called Strike 0-1: Foul Ball, location: 2F 0-2: Strikes out swinging
|
Top of the 5th over - 0 runs, 0 hits, 0 errors, 0 left on base; Wisconsin 1 - Hagerstown 3 |
BOTTOM OF THE 5TH |
Hagerstown Suns batting - Pitching for Wisconsin Timber Rattlers : RHP Antonio Ballesteros
|
Batting: SHB Dan Castaneda
|
0-0: Called Strike 0-1: Ball 1-1: Ground out U3 (Groundball, 3, EV 77.5 MPH)
|
Batting: RHB Pat Drader
|
0-0: Ball 1-0: Called Strike 1-1: Ball 2-1: Ball 3-1: Base on Balls
|
Batting: LHB John Luke
|
0-0: Called Strike 0-1: Foul Ball, location: 2F 0-2: Ball Pat Drader steals 2nd base 1-2: Ground out 4-3 (Groundball, 4, EV 85.6 MPH) Pat Drader to third
|
Batting: RHB Jim Towle
|
0-0: Ball 1-0: Ground out 4-3 (Groundball, 4M, EV 88.1 MPH)
|
Bottom of the 5th over - 0 runs, 0 hits, 0 errors, 1 left on base; Wisconsin 1 - Hagerstown 3 |
TOP OF THE 6TH |
Wisconsin Timber Rattlers batting - Pitching for Hagerstown Suns : RHP Roy Walker
|
Batting: RHB Eddie McCoy
|
0-0: Ball 1-0: Called Strike 1-1: Foul Ball, location: 2F 1-2: Ball 2-2: Strikes out swinging
|
Batting: RHB Rafael Medina
|
0-0: Foul Ball, location: 2F 0-1: Ball 1-1: Foul Ball, location: 2F 1-2: Foul Ball, location: 2F 1-2: Ground out 5-3 (Groundball, 5L, EV 91.9 MPH)
|
Batting: RHB Derek Halliwill
|
0-0: Ball 1-0: Reached on error, E5 (Groundball, 56, EV 82.5 MPH)
|
Batting: RHB Jamie Youngs
|
0-0: Ball 1-0: Called Strike 1-1: Ball 2-1: Swinging Strike 2-2: Ball 3-2: 2-RUN HOME RUN (Flyball, 7LD, EV 99.4 MPH), Distance : 358 ft
|
Batting: RHB Tyler Badillo
|
0-0: Called Strike 0-1: Ball 1-1: Foul Ball, location: 2F 1-2: Ground out 5-3 (Groundball, 56S, EV 78.1 MPH)
|
Top of the 6th over - 2 runs, 1 hit, 1 error, 0 left on base; Wisconsin 3 - Hagerstown 3 |
BOTTOM OF THE 6TH |
Hagerstown Suns batting - Pitching for Wisconsin Timber Rattlers : RHP Antonio Ballesteros
|
Batting: LHB Yoshiya Kurokawa
|
0-0: Ball 1-0: Ball 2-0: Ground out 5-3 (Groundball, 5, EV 104.4 MPH)
|
Batting: RHB Jon Buscher
|
0-0: Called Strike 0-1: Ground out 6-3 (Groundball, 6, EV 86.9 MPH)
|
Batting: SHB Kyle Larson
|
0-0: Ball 1-0: Called Strike 1-1: SINGLE (Groundball, 4, EV 105.0 MPH)
|
Batting: RHB Felix Torres
|
0-0: Ball 1-0: Ball 2-0: Called Strike 2-1: Ball 3-1: Base on Balls Kyle Larson to second
|
Batting: RHB Scott Skoglund
|
0-0: Called Strike 0-1: Ball 1-1: Foul Ball, location: 2F 1-2: Strikes out swinging
|
Bottom of the 6th over - 0 runs, 1 hit, 0 errors, 2 left on base; Wisconsin 3 - Hagerstown 3 |
TOP OF THE 7TH |
Wisconsin Timber Rattlers batting - Pitching for Hagerstown Suns : RHP Roy Walker
|
Pitching: LHP Kerry Baty
|
|
Batting: RHB Joe LaDue
|
0-0: Called Strike 0-1: Ball 1-1: Foul Ball, location: 2F 1-2: Foul Ball, location: 2F 1-2: Fly out, F8 (Flyball, 78XD, EV 103.1 MPH)
|
Batting: RHB Nick Garland
|
0-0: Ball 1-0: Ball 2-0: Called Strike 2-1: Fly out, F7 (Flyball, 7, EV 88.8 MPH)
|
Batting: LHB Alfredo de la Cruz
|
0-0: Ground out 1-3 (Groundball, 13S, EV 73.8 MPH)
|
Top of the 7th over - 0 runs, 0 hits, 0 errors, 0 left on base; Wisconsin 3 - Hagerstown 3 |
BOTTOM OF THE 7TH |
Hagerstown Suns batting - Pitching for Wisconsin Timber Rattlers : RHP Antonio Ballesteros
|
Pitching: LHP Brian Rich
|
|
Batting: SHB Dan Castaneda
|
0-0: Ball 1-0: Ball 2-0: Ball 3-0: Base on Balls
|
Batting: RHB Pat Drader
|
0-0: Called Strike 0-1: Ball 1-1: Swinging Strike 1-2: Foul Ball, location: 2F 1-2: Ball 2-2: Fly out, F8 (Flyball, 8RS, EV 91.2 MPH)
|
Batting: LHB John Luke
|
0-0: Foul Ball, location: 5F, Error on foul ball, E5 0-1: SINGLE (Flyball, 5D, EV 90.0 MPH) Dan Castaneda to second
|
Batting: RHB Jim Towle
|
0-0: Ball 1-0: Called Strike 1-1: 3-RUN HOME RUN (Flyball, 9D, EV 91.9 MPH), Distance : 364 ft
|
Pitching: RHP Justin Orr
|
|
Batting: LHB Yoshiya Kurokawa
|
0-0: Called Strike 0-1: Ball 1-1: Ball 2-1: SOLO HOME RUN (Flyball, 89XD, EV 101.9 MPH), Distance : 395 ft
|
Batting: RHB Jon Buscher
|
0-0: Ball 1-0: Foul Ball, location: 2F 1-1: Ball 2-1: Ball 3-1: Called Strike 3-2: Fly out, F2 (Popup, 15S, EV 86.9 MPH)
|
Batting: SHB Kyle Larson
|
0-0: Ball 1-0: Ball 2-0: Ball 3-0: Called Strike 3-1: Foul Ball, location: 2F 3-2: Foul Ball, location: 2F 3-2: Ground out U3 (Groundball, 3L, EV 84.4 MPH)
|
Bottom of the 7th over - 4 runs, 3 hits, 1 error, 0 left on base; Wisconsin 3 - Hagerstown 7 |
TOP OF THE 8TH |
Wisconsin Timber Rattlers batting - Pitching for Hagerstown Suns : LHP Kerry Baty
|
Batting: LHB Paul Collins
|
0-0: Ball 1-0: Called Strike 1-1: Foul Ball, location: 2F 1-2: Strikes out swinging
|
Batting: RHB Eddie McCoy
|
0-0: Called Strike 0-1: Foul Ball, location: 2F 0-2: Foul Ball, location: 2F 0-2: Ball 1-2: Foul Ball, location: 2F 1-2: Ball 2-2: SINGLE (Groundball, 56D, EV 100.0 MPH)
|
Batting: RHB Rafael Medina
|
0-0: Foul Ball, location: 2F 0-1: Ball 1-1: Swinging Strike 1-2: Strikes out swinging
|
Batting: RHB Derek Halliwill
|
0-0: Ball 1-0: Called Strike 1-1: Called Strike 1-2: Ball 2-2: Strikes out swinging
|
Top of the 8th over - 0 runs, 1 hit, 0 errors, 1 left on base; Wisconsin 3 - Hagerstown 7 |
BOTTOM OF THE 8TH |
Hagerstown Suns batting - Pitching for Wisconsin Timber Rattlers : RHP Justin Orr
|
Pitching: LHP Dustin Waller
|
|
Batting: RHB Felix Torres
|
0-0: Foul Ball, location: 2F 0-1: Ball 1-1: Foul Ball, location: 2F 1-2: TRIPLE (Flyball, 8LXD, EV 105.6 MPH)
|
Batting: RHB Scott Skoglund
|
0-0: Ball 1-0: Ball 2-0: SINGLE (Groundball, 56D, EV 98.1 MPH) Felix Torres scores
|
Batting: SHB Dan Castaneda
|
0-0: Foul Ball, location: 2F 0-1: Foul Ball, location: 2F 0-2: Strikes out swinging
|
Batting: RHB Pat Drader
|
0-0: Ground out 4-3 (Groundball, 34, EV 100.0 MPH) Scott Skoglund to second
|
Batting: LHB John Luke
|
0-0: Called Strike 0-1: Ball 1-1: Ball 2-1: SINGLE (Groundball, 6MD, EV 96.9 MPH) Scott Skoglund to third Runner from 3rd tries for Home, SAFE, throw by CF to home John Luke to second
|
Batting: RHB Jim Towle
|
0-0: Ball 1-0: Called Strike 1-1: Called Strike 1-2: Foul Ball, location: 2F 1-2: Ball 2-2: Hit by Pitch
|
Batting: LHB Yoshiya Kurokawa
|
0-0: Foul Ball, location: 2F 0-1: Called Strike 0-2: Ball 1-2: Ball 2-2: Fly out, F8 (Flyball, 8LD, EV 75.6 MPH)
|
Bottom of the 8th over - 2 runs, 3 hits, 0 errors, 2 left on base; Wisconsin 3 - Hagerstown 9 |
TOP OF THE 9TH |
Wisconsin Timber Rattlers batting - Pitching for Hagerstown Suns : LHP Kerry Baty
|
Batting: RHB Jamie Youngs
|
0-0: Ground out 5-3 (Groundball, 56, EV 87.5 MPH)
|
Batting: RHB Tyler Badillo
|
0-0: Called Strike 0-1: Swinging Strike 0-2: Strikes out swinging
|
Batting: RHB Joe LaDue
|
0-0: Ball 1-0: Foul Ball, location: 2F 1-1: Ball 2-1: Ball 3-1: Base on Balls
|
Batting: RHB Nick Garland
|
0-0: Ball 1-0: Ball Passed Ball! Joe LaDue to second 2-0: Called Strike 2-1: Fly out, F8 (Flyball, 89XD, EV 81.2 MPH)
|
Top of the 9th over - 0 runs, 0 hits, 0 errors, 1 left on base; Wisconsin 3 - Hagerstown 9 |
|